TOP OF THE 1ST |
Villanova Wildcats batting - Pitching for Oklahoma State Cowboys : LHP Andrew Steele
|
Pitching: LHP Andrew Steele
|
|
Batting: RHB Juan Romero
|
0-0: Called Strike 0-1: Ball 1-1: Ball 2-1: Called Strike 2-2: Ground out 5-3 (Groundball, 5)
|
Batting: RHB Paul Bell
|
0-0: Called Strike 0-1: Ball 1-1: Ball 2-1: Ground out 6-3 (Groundball, 6)
|
Batting: LHB William Donnelly
|
0-0: Called Strike 0-1: Swinging Strike 0-2: Strikes out swinging
|
Top of the 1st over - 0 run(s), 0 hit(s), 0 error(s), 0 left on base; Villanova 0 - Oklahoma State 0 |
BOTTOM OF THE 1ST |
Oklahoma State Cowboys batting - Pitching for Villanova Wildcats : LHP Noah Flint
|
Pitching: LHP Noah Flint
|
|
Batting: RHB Derrek Lane
|
0-0: Called Strike 0-1: Foul Ball, location: 2F 0-2: Strikes out swinging
|
Batting: SHB Myles Hopkins
|
0-0: Called Strike 0-1: Swinging Strike 0-2: Strikes out swinging
|
Batting: LHB Bill Bryan
|
0-0: Ball 1-0: Swinging Strike 1-1: Ball 2-1: Ball 3-1: Called Strike 3-2: Foul Ball, location: 2F 3-2: Ground out 3-1 (Groundball, 34)
|
Bottom of the 1st over - 0 run(s), 0 hit(s), 0 error(s), 0 left on base; Villanova 0 - Oklahoma State 0 |
TOP OF THE 2ND |
Villanova Wildcats batting - Pitching for Oklahoma State Cowboys : LHP Andrew Steele
|
Batting: RHB Steve Smith
|
0-0: Ball 1-0: Swinging Strike 1-1: Called Strike 1-2: Ground out 5-3 (Groundball, 56)
|
Batting: LHB Jonathan Belisle
|
0-0: Ball 1-0: Foul Ball, location: 2F 1-1: Ball 2-1: Ground out 4-3 (Groundball, 4M)
|
Batting: RHB Michael Boulanger
|
0-0: Ball 1-0: Fly out, F8 (Flyball, 8RM)
|
Top of the 2nd over - 0 run(s), 0 hit(s), 0 error(s), 0 left on base; Villanova 0 - Oklahoma State 0 |
BOTTOM OF THE 2ND |
Oklahoma State Cowboys batting - Pitching for Villanova Wildcats : LHP Noah Flint
|
Batting: SHB Jacob Lachance
|
0-0: Foul Ball, location: 2F 0-1: Foul Ball, location: 2F 0-2: Ball 1-2: Fly out, F8 (Flyball, 8LM)
|
Batting: RHB Burt Sharp
|
0-0: Called Strike 0-1: Ball 1-1: Fly out, F8 (Flyball, 8LD)
|
Batting: SHB Ernest Hood
|
0-0: Ball 1-0: Ball 2-0: SINGLE (Groundball, 34D)
|
Batting: RHB Larry Young
|
0-0: Ball Ernest Hood steals 2nd base 1-0: Called Strike 1-1: Swinging Strike 1-2: Ball 2-2: Ball 3-2: Base on Balls
|
Batting: RHB Dennis Ingram
|
0-0: Ball 1-0: Called Strike 1-1: Ball 2-1: 3-RUN HOME RUN (Line Drive, 7D), Distance : 368 ft
|
Batting: RHB Doug Wells
|
0-0: Ball 1-0: SINGLE (Flyball, 8RM)
|
Batting: RHB Derrek Lane
|
0-0: Called Strike 0-1: Called Strike 0-2: Ball 1-2: TRIPLE (Groundball, 3L) Doug Wells scores
|
Batting: SHB Myles Hopkins
|
0-0: Ball 1-0: Swinging Strike 1-1: Called Strike 1-2: Foul Ball, location: 2F 1-2: Strikes out swinging
|
Bottom of the 2nd over - 4 run(s), 4 hit(s), 0 error(s), 1 left on base; Villanova 0 - Oklahoma State 4 |
TOP OF THE 3RD |
Villanova Wildcats batting - Pitching for Oklahoma State Cowboys : LHP Andrew Steele
|
Batting: LHB José Gómez
|
0-0: Ground out 4-3 (Groundball, 4)
|
Batting: RHB Martín Flores
|
0-0: Called Strike 0-1: Ball 1-1: Ball 2-1: Foul Ball, location: 2F 2-2: Strikes out swinging
|
Batting: RHB Gary Jones
|
0-0: Swinging Strike 0-1: Fly out, F7 (Flyball, 7D)
|
Top of the 3rd over - 0 run(s), 0 hit(s), 0 error(s), 0 left on base; Villanova 0 - Oklahoma State 4 |
BOTTOM OF THE 3RD |
Oklahoma State Cowboys batting - Pitching for Villanova Wildcats : LHP Noah Flint
|
Batting: LHB Bill Bryan
|
0-0: Ball 1-0: Ball 2-0: Fly out, F8 (Flyball, 8LS)
|
Batting: SHB Jacob Lachance
|
0-0: Called Strike 0-1: Foul Ball, location: 2F 0-2: Strikes out swinging
|
Batting: RHB Burt Sharp
|
0-0: Ball 1-0: Ground out 6-3 (Groundball, 6)
|
Bottom of the 3rd over - 0 run(s), 0 hit(s), 0 error(s), 0 left on base; Villanova 0 - Oklahoma State 4 |
TOP OF THE 4TH |
Villanova Wildcats batting - Pitching for Oklahoma State Cowboys : LHP Andrew Steele
|
Batting: RHB Juan Romero
|
0-0: Ball 1-0: Called Strike 1-1: Ball 2-1: Foul Ball, location: 2F 2-2: Ball 3-2: Strikes out swinging
|
Batting: RHB Paul Bell
|
0-0: Swinging Strike 0-1: Swinging Strike 0-2: Ball 1-2: Ball 2-2: Foul Ball, location: 2F 2-2: Foul Ball, location: 2F 2-2: Fly out, F9 (Flyball, 89S)
|
Batting: LHB William Donnelly
|
0-0: Ball 1-0: Foul Ball, location: 2F 1-1: Ball 2-1: Foul Ball, location: 2F 2-2: Strikes out swinging
|
Top of the 4th over - 0 run(s), 0 hit(s), 0 error(s), 0 left on base; Villanova 0 - Oklahoma State 4 |
BOTTOM OF THE 4TH |
Oklahoma State Cowboys batting - Pitching for Villanova Wildcats : LHP Noah Flint
|
Batting: SHB Ernest Hood
|
0-0: Ball 1-0: Fly out, F9 (Flyball, 9LS)
|
Batting: RHB Larry Young
|
0-0: Foul Ball, location: 2F 0-1: Ball 1-1: SINGLE (Groundball, 56D)
|
Batting: RHB Dennis Ingram
|
0-0: Called Strike 0-1: Fly out, F8 (Flyball, 8RM)
|
Batting: RHB Doug Wells
|
0-0: Ball 1-0: Called Strike 1-1: Called Strike 1-2: Ball 2-2: Foul Ball, location: 2F 2-2: Strikes out swinging
|
Bottom of the 4th over - 0 run(s), 1 hit(s), 0 error(s), 1 left on base; Villanova 0 - Oklahoma State 4 |
TOP OF THE 5TH |
Villanova Wildcats batting - Pitching for Oklahoma State Cowboys : LHP Andrew Steele
|
Batting: RHB Steve Smith
|
0-0: Called Strike 0-1: Swinging Strike 0-2: Strikes out swinging
|
Batting: LHB Jonathan Belisle
|
0-0: Foul Ball, location: 2F 0-1: Ball 1-1: Ground out 4-3 (Groundball, 34D)
|
Batting: RHB Michael Boulanger
|
0-0: Ball 1-0: Called Strike 1-1: Foul Ball, location: 2F 1-2: Ball 2-2: Strikes out swinging
|
Top of the 5th over - 0 run(s), 0 hit(s), 0 error(s), 0 left on base; Villanova 0 - Oklahoma State 4 |
BOTTOM OF THE 5TH |
Oklahoma State Cowboys batting - Pitching for Villanova Wildcats : LHP Noah Flint
|
Batting: RHB Derrek Lane
|
0-0: Called Strike 0-1: Swinging Strike 0-2: Strikes out swinging
|
Batting: SHB Myles Hopkins
|
0-0: Ball 1-0: Called Strike 1-1: Ball 2-1: Fly out, F8 (Line Drive, 8RD)
|
Batting: LHB Bill Bryan
|
0-0: SINGLE (Groundball, 6MD)
|
Batting: SHB Jacob Lachance
|
0-0: Ball 1-0: Called Strike 1-1: Ball 2-1: Ball 3-1: Fly out, F4 (Popup, 34)
|
Bottom of the 5th over - 0 run(s), 1 hit(s), 0 error(s), 1 left on base; Villanova 0 - Oklahoma State 4 |
TOP OF THE 6TH |
Villanova Wildcats batting - Pitching for Oklahoma State Cowboys : LHP Andrew Steele
|
Batting: LHB José Gómez
|
0-0: Foul Ball, location: 2F 0-1: SINGLE (Groundball, 6MD)
|
Batting: RHB Martín Flores
|
0-0: Ball 1-0: Swinging Strike 1-1: Ball 2-1: SINGLE (Groundball, 4MD) José Gómez to second
|
Batting: RHB Gary Jones
|
0-0: Fly out, F8 (Flyball, 8LM)
|
Batting: RHB Juan Romero
|
0-0: Ball 1-0: Called Strike 1-1: Ball 2-1: Foul Ball, location: 2F 2-2: 3-RUN HOME RUN (Flyball, 78XD), Distance : 377 ft
|
Batting: RHB Paul Bell
|
0-0: Called Strike 0-1: Ball 1-1: Ball 2-1: Foul Ball, location: 2F 2-2: Ball 3-2: Strikes out swinging
|
Batting: LHB William Donnelly
|
0-0: Swinging Strike 0-1: Ball 1-1: Swinging Strike 1-2: Ball 2-2: Ball 3-2: Strikes out swinging
|
Top of the 6th over - 3 run(s), 3 hit(s), 0 error(s), 0 left on base; Villanova 3 - Oklahoma State 4 |
BOTTOM OF THE 6TH |
Oklahoma State Cowboys batting - Pitching for Villanova Wildcats : LHP Noah Flint
|
Batting: RHB Burt Sharp
|
0-0: Ball 1-0: Called Strike 1-1: Reached on error, E4 (Groundball, 4)
|
Pitching: LHP Tom Simms
|
|
Batting: SHB Ernest Hood
|
0-0: Ball 1-0: Grounds into double play, 6-4-3 (Groundball, 6)
|
Batting: RHB Larry Young
|
0-0: Foul Ball, location: 2F 0-1: Foul Ball, location: 2F 0-2: Ball 1-2: Ball 2-2: Strikes out swinging
|
Bottom of the 6th over - 0 run(s), 0 hit(s), 1 error(s), 0 left on base; Villanova 3 - Oklahoma State 4 |
TOP OF THE 7TH |
Villanova Wildcats batting - Pitching for Oklahoma State Cowboys : LHP Andrew Steele
|
Pitching: LHP Barry Arroyo
|
|
Batting: RHB Steve Smith
|
0-0: Called Strike 0-1: Ball 1-1: Ball 2-1: Ground out 6-3 (Groundball, 6)
|
Batting: LHB Jonathan Belisle
|
0-0: Foul Ball, location: 2F 0-1: Ball 1-1: Called Strike 1-2: Foul Ball, location: 2F 1-2: Foul Ball, location: 2F 1-2: Strikes out swinging
|
Batting: RHB Michael Boulanger
|
0-0: Ball 1-0: DOUBLE (Groundball, 5L)
|
Batting: LHB José Gómez
|
0-0: Ball 1-0: Foul Ball, location: 2F 1-1: Foul Ball, location: 2F 1-2: Strikes out swinging, 2-3 out at first.
|
Top of the 7th over - 0 run(s), 1 hit(s), 0 error(s), 1 left on base; Villanova 3 - Oklahoma State 4 |
BOTTOM OF THE 7TH |
Oklahoma State Cowboys batting - Pitching for Villanova Wildcats : LHP Tom Simms
|
Batting: RHB Dennis Ingram
|
0-0: Ball 1-0: Ground out 1-3 (Groundball, 15S)
|
Batting: RHB Doug Wells
|
0-0: Ball 1-0: Ball 2-0: Called Strike 2-1: Ball 3-1: Foul Ball, location: 2F 3-2: Foul Ball, location: 2F 3-2: Base on Balls
|
Batting: RHB Derrek Lane
|
0-0: Called Strike 0-1: Ball 1-1: Foul Ball, location: 2F 1-2: Ball 2-2: Foul Ball, location: 2F 2-2: Foul Ball, location: 2F 2-2: Ball 3-2: Foul Ball, location: 2F 3-2: SINGLE (Groundball, 4MD) Doug Wells to second
|
Batting: SHB Myles Hopkins
|
0-0: Called Strike 0-1: Swinging Strike 0-2: Ball 1-2: 3-RUN HOME RUN (Flyball, 8RD), Distance : 384 ft
|
Batting: LHB Bill Bryan
|
0-0: Foul Ball, location: 2F 0-1: Foul Ball, location: 2F 0-2: Ball 1-2: Foul Ball, location: 2F 1-2: Foul Ball, location: 2F 1-2: Ball 2-2: Foul Ball, location: 2F 2-2: Foul Ball, location: 2F 2-2: Foul Ball, location: 2F 2-2: Foul Ball, location: 2F 2-2: Ground out 6-3 (Groundball, 6)
|
Batting: SHB Jacob Lachance
|
0-0: Ball 1-0: Called Strike 1-1: SINGLE (Line Drive, 56D)
|
Batting: RHB Burt Sharp
|
0-0: Called Strike 0-1: Foul Ball, location: 2F 0-2: Foul Ball, location: 2F 0-2: Foul Ball, location: 2F 0-2: Ball Jacob Lachance steals 2nd base 1-2: Ball 2-2: Foul Ball, location: 2F 2-2: Ball 3-2: Base on Balls
|
Pitching: LHP Anthony Lewis
|
|
Batting: SHB Ernest Hood
|
0-0: SINGLE (Groundball, 6D) Jacob Lachance to third Burt Sharp to second Runner from 3rd tries for Home, SAFE, no throw
|
Batting: RHB Larry Young
|
0-0: Ball 1-0: Ball 2-0: Ball 3-0: Base on Balls Burt Sharp to third Ernest Hood to second
|
Batting: RHB Dennis Ingram
|
0-0: GRAND SLAM HOME RUN (Flyball, 78XD), Distance : 376 ft
|
Batting: RHB Doug Wells
|
0-0: Ball 1-0: Fly out, F3 (Line Drive, 34)
|
Bottom of the 7th over - 8 run(s), 5 hit(s), 0 error(s), 0 left on base; Villanova 3 - Oklahoma State 12 |
TOP OF THE 8TH |
Villanova Wildcats batting - Pitching for Oklahoma State Cowboys : LHP Barry Arroyo
|
Batting: RHB Martín Flores
|
0-0: Ball 1-0: Called Strike 1-1: Ball 2-1: Ball 3-1: Called Strike 3-2: SINGLE (Groundball, 56S) (infield hit)
|
Batting: RHB Gary Jones
|
0-0: Ball 1-0: Ball 2-0: Swinging Strike 2-1: Called Strike 2-2: Ball 3-2: Strikes out swinging
|
Batting: RHB Juan Romero
|
0-0: Ball 1-0: Fielders Choice at 2nd, 1-6 (Groundball, 13S)
|
Batting: RHB Paul Bell
|
0-0: Ball 1-0: Ball 2-0: Foul Ball, location: 2F 2-1: Foul Ball, location: 2F Error on foul ball, E3 2-2: Foul Ball, location: 2F 2-2: Strikes out looking
|
Top of the 8th over - 0 run(s), 1 hit(s), 1 error(s), 1 left on base; Villanova 3 - Oklahoma State 12 |
BOTTOM OF THE 8TH |
Oklahoma State Cowboys batting - Pitching for Villanova Wildcats : LHP Anthony Lewis
|
Batting: RHB Derrek Lane
|
0-0: Ball 1-0: Swinging Strike 1-1: Called Strike 1-2: SINGLE (Groundball, 34D)
|
Batting: SHB Myles Hopkins
|
0-0: Ball Derrek Lane steals 2nd base 1-0: Ball 2-0: Ball 3-0: Called Strike 3-1: Base on Balls
|
Batting: LHB Bill Bryan
|
0-0: Ball 1-0: Ball 2-0: Swinging Strike 2-1: Swinging Strike 2-2: Ball 3-2: Foul Ball, location: 2F 3-2: Base on Balls Derrek Lane to third Myles Hopkins to second
|
Batting: SHB Jacob Lachance
|
0-0: DOUBLE (Line Drive, 7LD) Derrek Lane scores Myles Hopkins scores Bill Bryan to third Runner from 3rd tries for Home, SAFE, no throw
|
Batting: RHB Burt Sharp
|
0-0: Ball 1-0: Ball 2-0: Ball 3-0: Called Strike 3-1: Called Strike 3-2: Foul Ball, location: 2F 3-2: Base on Balls
|
Batting: SHB Ernest Hood
|
0-0: Called Strike 0-1: Ball 1-1: Ball 2-1: Grounds into double play, 6-4-3 (Groundball, 6) Jacob Lachance to third
|
Batting: RHB Larry Young
|
0-0: Ball 1-0: Called Strike 1-1: Called Strike 1-2: Strikes out looking
|
Bottom of the 8th over - 3 run(s), 2 hit(s), 0 error(s), 1 left on base; Villanova 3 - Oklahoma State 15 |
TOP OF THE 9TH |
Villanova Wildcats batting - Pitching for Oklahoma State Cowboys : LHP Barry Arroyo
|
Pinch Hitting: SHB Will Combs
|
0-0: Ball 1-0: Called Strike 1-1: Swinging Strike 1-2: Ball 2-2: Strikes out swinging
|
Batting: RHB Steve Smith
|
0-0: Ball 1-0: Called Strike 1-1: Swinging Strike 1-2: Ball 2-2: SINGLE (Groundball, 6D)
|
Batting: LHB Jonathan Belisle
|
0-0: Swinging Strike 0-1: Ball 1-1: Fly out, F9 (Flyball, 9LS)
|
Batting: RHB Michael Boulanger
|
0-0: Called Strike
|
|
|
|
0-1: Ball 1-1: Ball 2-1: Ball 3-1: Foul Ball, location: 2F 3-2: Base on Balls Steve Smith to second
|
Pitching: LHP John Curtis
|
|
Batting: LHB José Gómez
|
0-0: Foul Ball, location: 2F 0-1: Fly out, F7 (Line Drive, 7LM)
|
Top of the 9th over - 0 run(s), 1 hit(s), 0 error(s), 2 left on base; Villanova 3 - Oklahoma State 15 |
|
Tuesday, August 8th, 2017 - OOTP Baseball 17.12 Build 75
|
|